 Dungeon Crawl Stone Soup version 0.22.1-1-ga44c0e56f4 (webtiles) character file.

802 KleinerIrrer the Grappler (level 7, -7/41 HPs)
             Began as a Gargoyle Fighter on Oct 28, 2018.
             Mangled by Duvessa
             ... wielding a +0 rapier
              (12 damage)
             ... on level 5 of the Dungeon.
             The game lasted 00:06:08 (3843 turns).

KleinerIrrer the Grappler (Gargoyle Fighter)        Turns: 3843, Time: 00:06:09

Health: -7/41      AC: 13    Str: 25    XL:     7   Next: 90%
Magic:  7/7        EV: 11    Int: 10    God:
Gold:   181        SH:  0    Dex:  9    Spells: 6/6 levels left

rFire    . . .     SeeInvis .     - Unarmed
rCold    . . .     Gourm    .   (no shield)
rNeg     + . .     Faith    .   a - +0 scale mail
rPois    ∞         Spirit   .   m - +1 helmet
rElec    +         Reflect  .   (no cloak)
rCorr    .         Harm     .   (no gloves)
MR       .....                  (no boots)
Stlth    ..........             (no amulet)
HPRegen  0.13/turn              e - +2 ring of evasion
MPRegen  0.10/turn              n - ring of flight

@: mighty, glowing
A: negative energy resistance 1, electricity resistance, unbreathing,
petrification resistance, rot immunity, AC +4
a: Evoke Flight


You were on level 5 of the Dungeon.
You were not hungry.

You visited 1 branch of the dungeon, and saw 5 of its levels.

You collected 181 gold pieces.

Inventory:

Missiles
 r - 48 poisoned needles
Armour
 a - a +0 scale mail (worn)
 b - a +0 shield
 m - a +1 helmet (worn)
Jewellery
 e - a +2 ring of evasion (left hand)
 f - an uncursed ring of resist corrosion {unknown}
 n - a ring of flight (right hand)
Wands
 t - a wand of polymorph (7)
 v - a wand of iceblast (7)
Scrolls
 j - a scroll of magic mapping {unknown}
 k - a scroll of enchant armour {unknown}
 l - 2 scrolls of enchant weapon {unknown}
 p - 2 scrolls of fear {unknown}
 q - 3 scrolls of identify {unknown}
 u - 4 scrolls of remove curse {unknown}
 w - a scroll of teleportation {unknown}
Potions
 g - a potion of mutation {unknown}
 h - 3 potions of flight {unknown}
 i - a potion of heal wounds {unknown}
 o - a potion of agility {unknown}
 s - a potion of lignification {unknown}
Comestibles
 d - 8 rations
 x - 3 chunks of flesh


   Skills:
 - Level 3.2 Fighting
 - Level 3.2 Armour
 - Level 3.2 Shields
 + Level 8.8 Unarmed Combat


You had 6 spell levels left.
You didn't know any spells.
Your spell library was empty.

Dungeon Overview and Level Annotations

Branches:
Dungeon (5/15)
 Temple: D:4-7

Altars:
Cheibriados
Gozag
Hepliaklqana
Nemelex Xobeh
Sif Muna

Annotations:
D:5 Duvessa


Innate Abilities, Weirdness & Mutations

You are resistant to torment.
Your stone body is resilient. (AC +4)
You are immune to poison.
You resist negative energy. (rN+)
You are resistant to electric shocks. (rElec)
You can survive without breathing.
You are immune to petrification.
You are immune to rotting.


Message History

Duvessa hits you with a rapier!
You hit Duvessa but do no damage.
Duvessa is lightly wounded.
Duvessa hits you but does no damage.
You barely miss Duvessa.
Duvessa is lightly wounded.
Duvessa hits you with a rapier.
You punch Duvessa!
Duvessa is moderately wounded.
Duvessa hits you but does no damage. Duvessa barely misses you.
You feel very mighty all of a sudden. Duvessa hits you with a rapier.
You hit Duvessa.
Duvessa is moderately wounded.
Duvessa hits you with a rapier!
* * * LOW HITPOINT WARNING * * *
You pummel Duvessa!!
Duvessa is severely wounded.
Duvessa hits you with a rapier!
You die...

#.# ........#.#.#
#.# #..........#.#
#.#
#.#...<........#
#.#
..........#.#.#.#
#.#
........#.#.#.#
#.# .....####.#.#
# #.# ##.#.
..#.#.#
#.#####.#....#.#.#
#....e@)...<)#.#.#
#######.#.##.# ...
....# ...[# ....#
..... ..####


You could see Duvessa (berserk).

Vanquished Creatures
  A steam dragon (D:4)
  Menkaure (D:4)
  A centaur (D:5)
  Dowan (D:5)
  A scorpion (D:4)
  4 worker ants (D:4)
  Ijyb (D:3)
  A howler monkey zombie (D:5)
  8 gnolls
  8 adders
  3 oozes
  An adder skeleton (D:4)
  2 worms (D:3)
  A dart slug (D:3)
  5 orcs (D:3)
  6 bats
  3 giant cockroaches (D:3)
  8 goblins
  6 hobgoblins
  2 jackals (D:1)
  4 quokkas
  4 ball pythons
  3 frilled lizards
  4 kobolds
  8 rats
87 creatures vanquished.

Notes
Turn   | Place    | Note
-------+----------+-------------------------------------------
     0 | D:1      | KleinerIrrer the Gargoyle Fighter began the quest for the
                  | Orb.
     0 | D:1      | Reached XP level 1. HP: 14/14 MP: 1/1
   225 | D:1      | Reached XP level 2. HP: 18/19 MP: 2/2
   384 | D:1      | Reached skill level 3 in Unarmed Combat
   787 | D:1      | Reached XP level 3. HP: 9/23 MP: 3/3
  1545 | D:1      | Reached skill level 4 in Unarmed Combat
  1582 | D:2      | Reached XP level 4. HP: 26/28 MP: 4/4
  1946 | D:2      | Found a hazy altar of Hepliaklqana.
  2049 | D:2      | Reached skill level 5 in Unarmed Combat
  2049 | D:2      | Reached XP level 5. HP: 16/32 MP: 5/5
  2452 | D:3      | Noticed Ijyb
  2468 | D:3      | Killed Ijyb
  2693 | D:3      | Reached skill level 6 in Unarmed Combat
  2719 | D:3      | Reached XP level 6. HP: 32/37 MP: 6/6
  2900 | D:4      | Noticed Menkaure
  2913 | D:4      | Killed Menkaure
  3101 | D:4      | Reached skill level 7 in Unarmed Combat
  3135 | D:4      | Reached XP level 7. HP: 36/41 MP: 7/7
  3209 | D:4      | Found a sparkling altar of Nemelex Xobeh.
  3209 | D:4      | Found a snail-covered altar of Cheibriados.
  3210 | D:4      | Found a deep blue altar of Sif Muna.
  3439 | D:4      | Found an opulent altar of Gozag.
  3464 | D:4      | Noticed a steam dragon
  3472 | D:4      | Killed a steam dragon
  3472 | D:4      | Reached skill level 8 in Unarmed Combat
  3734 | D:5      | Entered Level 5 of the Dungeon
  3810 | D:5      | Noticed Dowan
  3810 | D:5      | Noticed Duvessa
  3835 | D:5      | Killed Dowan
  3843 | D:5      | Mangled by Duvessa

Skill      XL: |  1  2  3  4  5  6  7 |
---------------+----------------------+-----
Unarmed Combat | 3 4 5 6 7 8 |  8.8
Fighting       | |  3.2
Armour         | |  3.2
Shields        | |  3.2

Action                   |  1- 3 |  4- 6 |  7- 9 || total
-------------------------+-------+-------+-------++-------
Melee: Unarmed           |   124 |   251 |    62 ||   437
       Punch             |     2 |     4 |     2 ||     8
  Use: Potion            |       |       |     1 ||     1
  Eat: Chunk             |     2 |     5 |     3 ||    10
Armor: Scale mail        |    60 |   110 |    21 ||   191
Dodge: Dodged            |    77 |   127 |    24 ||   228
